 Dungeon Crawl Stone Soup version 0.22-a0-410-g97be04f (webtiles) character file.

41 galech the Fighter (level 3, 0/38 HPs)
             Began as a Gnoll Wanderer on May 11, 2018.
             Slain by an adder (3 damage)
             ... on level 2 of the Dungeon.
             The game lasted 00:01:27 (1188 turns).

galech the Fighter (Gnoll Wanderer)                 Turns: 1188, Time: 00:01:29

Health: 0/38       AC:  2    Str: 15    XL:     3   Next: 52%
Magic:  4/4        EV: 11    Int: 14    God:
Gold:   79         SH:  0    Dex: 14    Spells: 3/3 levels left

rFire    . . .     SeeInvis .   a - +2 mace
rCold    . . .     Gourm    .   (no shield)
rNeg     . . .     Faith    .   d - +0 robe
rPois    .         Spirit   .   (no helmet)
rElec    .         Reflect  .   (no cloak)
rCorr    .         Harm     .   (no gloves)
MR       .....                  (no boots)
Stlth    ++........             (no amulet)
HPRegen  0.12/turn              (no ring)
MPRegen  0.09/turn              (no ring)

@: lethally poisoned (0 -> -13)
A: distributed training, fangs 1, strong nose
a: no special abilities


You were on level 2 of the Dungeon.
You were not hungry.

You visited 1 branch of the dungeon, and saw 2 of its levels.

You collected 79 gold pieces.

Inventory:

Hand Weapons
 a - a +2 mace (weapon)
 c - a +0 short sword
Armour
 d - a +0 robe (worn)
Scrolls
 e - a scroll of teleportation {unknown}
 g - a scroll of immolation {unknown}
 i - a scroll of identify {unknown}
 k - a scroll of amnesia {unknown}
Potions
 b - a potion of lignification
 h - 2 potions of degeneration {unknown}
 j - 2 potions of haste {unknown}
Comestibles
 f - 3 rations
 l - 4 chunks of flesh


   Skills:
 + Level 8.5 Fighting
 + Level 2.6 Short Blades
 + Level 0.8 Long Blades
 + Level 0.8 Axes
 + Level 2.6 Maces & Flails
 + Level 0.8 Polearms
 + Level 0.8 Staves
 + Level 0.8 Slings
 + Level 0.8 Bows
 + Level 0.8 Crossbows
 + Level 2.6 Throwing
 + Level 2.6 Armour
 + Level 0.8 Dodging
 + Level 2.4 Stealth
 + Level 0.8 Shields
 + Level 0.8 Unarmed Combat
 + Level 0.8 Spellcasting
 + Level 0.5 Conjurations
 + Level 0.5 Hexes
 + Level 0.5 Charms
 + Level 0.5 Summonings
 + Level 0.5 Necromancy
 + Level 0.5 Translocations
 + Level 0.5 Transmutations
 + Level 0.5 Fire Magic
 + Level 0.5 Ice Magic
 + Level 0.5 Air Magic
 + Level 0.5 Earth Magic
 + Level 0.5 Poison Magic
 + Level 1.0 Invocations
 + Level 2.6 Evocations


You had 3 spell levels left.
You didn't know any spells.

Dungeon Overview and Level Annotations

Branches:
Dungeon (2/15)

Altars:
Ashenzari

Annotations:
D:2 Robin


Innate Abilities, Weirdness & Mutations

Your experience applies equally to all skills.
You have very sharp teeth.
Your uncanny sense of smell can sniff out nearby items.


Message History

You hit the adder.
The adder is heavily wounded.
You feel sick. The adder barely misses you. The adder bites you.
You miss the adder. Your bite misses the adder.
The adder is heavily wounded.
You feel sick. The adder bites you.
* * * LOW HITPOINT WARNING * * *
You barely miss the adder.
The adder is heavily wounded.
You feel sick. The adder bites you.
* * * LOW HITPOINT WARNING * * *
You are lethally poisoned!
The adder poisons you! The adder bites you but does no damage.
You barely miss the adder.
The adder is heavily wounded.
* * * LOW HITPOINT WARNING * * *
You feel sick. The adder bites you.
* * * LOW HITPOINT WARNING * * *
The adder bites you.
You die...

.<)####..######.......≈.≈.≈
.)............#.≈....≈≈≈≈≈.
#.##..........#..≈≈≈≈≈≈≈≈≈≈
#.).......>...#...≈≈≈≈≈≈≈≈≈
...#.............≈≈≈≈≈≈≈≈≈≈
##.#..........#..≈≈≈≈..≈≈≈≈
................÷.≈≈≈♣ .≈
..#.#...........≈≈≈≈≈♣♣.≈≈
..#.#...........@S≈≈≈≈≈≈≈≈
..#..####..##.#..≈≈≈≈≈≈≈≈≈
..##. ....###...≈.≈≈≈≈≈≈≈≈
.. ....#### ##.#.≈......≈.
#... #.#.≈..≈≈.≈.. ..#
#.##.........
.#####.#........#
...........##....#
......###.## ....#


You could see an adder.

Vanquished Creatures
  An adder (D:2)
  2 leopard geckos
  11 goblins
  3 hobgoblins
  2 kobolds (D:2)
  A quokka (D:2)
  2 bats (D:1)
  A frilled lizard (D:2)
  2 rats
25 creatures vanquished.

Notes
Turn   | Place    | Note
-------+----------+-------------------------------------------
     0 | D:1      | galech the Gnoll Wanderer began the quest for the Orb.
     0 | D:1      | galech set off with: a +2 mace, a potion of lignification, a +0 short sword, a +0 robe, a ration
     0 | D:1      | Reached XP level 1. HP: 26/26 MP: 2/2
   174 | D:1      | You fall through a shaft!
   175 | D:2      | Found a shattered altar of Ashenzari.
   192 | D:2      | Reached XP level 2. HP: 33/33 MP: 3/3
   715 | D:2      | Noticed Robin
   753 | D:1      | Reached XP level 3. HP: 5/38 MP: 4/4
   754 | D:1      | HP: 1/38 [goblin/dagger[Robin] (2)]
  1153 | D:2      | Reached skill level 1 in Invocations
  1188 | D:2      | Slain by an adder

Vault maps used:
D:1:      co_arrival_square_in_a_square_in_a_square
D:2:      nicolae_ashenzari_panopticon, chequers_ecumenical_altar_island,
          minmay_domino_4, uniq_robin

Skill      XL: |  1  2  3 |
---------------+----------+-----
Invocations    | 1 |  1.0
Fighting       | |  8.5
Short Blades   | |  2.6
Long Blades    | |  0.8
Axes           | |  0.8
Maces & Flails | |  2.6
Polearms       | |  0.8
Staves         | |  0.8
Slings         | |  0.8
Bows           | |  0.8
Crossbows      | |  0.8
Throwing       | |  2.6
Armour         | |  2.6
Dodging        | |  0.8
Stealth        | |  2.4
Shields        | |  0.8
Unarmed Combat | |  0.8
Spellcasting   | |  0.8
Conjurations   | |  0.5
Hexes          | |  0.5
Charms         | |  0.5
Summonings     | |  0.5
Necromancy     | |  0.5
Translocations | |  0.5
Transmutations | |  0.5
Fire Magic     | |  0.5
Ice Magic      | |  0.5
Air Magic      | |  0.5
Earth Magic    | |  0.5
Poison Magic   | |  0.5
Evocations     | |  2.6

Action                   || total
-------------------------++-------
Melee: Mace              ||    75
       Bite              ||     5
       Punch             ||     1
 Stab: Sleeping          ||     1
  Eat: Chunk             ||     1
Armor: Robe              ||    11
Dodge: Dodged            ||    53

Table legend:
 A = Spawn XP
 B = Non-spawn XP
 C = Spawn XP percentage of total XP
 D = Spawn monster count
 E = Non-spawn monster count
 F = Spawn count percentage of total count
 G = Total turns spent on level
                    A         B        C        D         E        F      G
               +---------+---------+-------+---------+---------+-------+---------
         Total |       0 |      59 |   0.0 |       0 |      25 |   0.0 |  1188
               +---------+---------+-------+---------+---------+-------+---------
           D:1 |       0 |      20 |   0.0 |       0 |      11 |   0.0 |   933
           D:2 |       0 |      39 |   0.0 |       0 |      14 |   0.0 |   255
               +---------+---------+-------+---------+---------+-------+---------
